 Dungeon Crawl Stone Soup version 0.19-a0-147-g6f47703 (webtiles) character file.

62 protoss039 the Covered (level 4, -4/28 HPs)
             Began as a Gargoyle Fighter on May 18, 2016.
             Slain by a gnoll
             ... wielding a +0 halberd
              (10 damage)
             ... on level 2 of the Dungeon.
             The game lasted 00:03:19 (888 turns).

protoss039 the Covered (Gargoyle Fighter)            Turns: 888, Time: 00:03:20

Health: -4/28      AC: 13    Str: 20    XL:     4   Next: 8%
Magic:  4/4        EV:  5    Int:  8    God:
Gold:   33         SH:  9    Dex: 10    Spells: 0 memorised, 3 levels left

rFire  . . .     SeeInvis .     a - +0 flail
rCold  . . .     Gourm    .     h - +0 chain mail
rNeg   + . .     Faith    .     c - +0 shield
rPois  ∞         Spirit   .     (no helmet)
rElec  +         Dismiss  .     (no cloak)
rCorr  .         Reflect  .     (no gloves)
SustAt .         Harm     .     (no boots)
MR     .....                    (no amulet)
Stlth  ..........               (no ring)
                                (no ring)

@: very slightly contaminated, invisible, not resistant to hostile enchantments,
extremely unstealthy
A: negative energy resistance 1, electricity resistance, unbreathing,
petrification resistance, rot immunity, AC +3
a: no special abilities


You were on level 2 of the Dungeon.
You were not hungry.

You visited 1 branch of the dungeon, and saw 2 of its levels.

You collected 33 gold pieces.

Inventory:

Hand Weapons
 a - a +0 flail (weapon)
Armour
 b - a +0 scale mail
 c - a +0 shield (worn)
 h - a +0 chain mail (worn)
Scrolls
 i - a scroll of enchant weapon
 n - 2 scrolls of identify
 o - a scroll of teleportation {unknown}
 p - a scroll of enchant armour {unknown}
 q - a scroll of amnesia {unknown}
Potions
 e - a potion of agility {unknown}
 k - a potion of ambrosia {unknown}
 l - a potion of curing {unknown}
 m - a potion of invisibility
Comestibles
 d - a chunk of flesh
 f - 3 bread rations
 g - a meat ration
 j - 2 beef jerkies


   Skills:
 + Level 3.5 Fighting
 + Level 2.3 Maces & Flails
 + Level 4.1 Armour
 + Level 0.1 Dodging
 + Level 4.1 Shields


You had 3 spell levels left.
You didn't know any spells.

Dungeon Overview and Level Annotations

Branches:
Dungeon (2/15)

Altars:


Innate Abilities, Weirdness & Mutations

You are resistant to torment.
Your stone body is resilient (AC +3).
You are immune to poison.
You resist negative energy.
You are resistant to electric shocks.
You can survive without breathing.
You are immune to petrification.
You are immune to rotting.


Message History

It was a potion of invisibility.
You fade into invisibility!
The gnoll hits you with a halberd.
* * * LOW HITPOINT WARNING * * *
You are very lightly contaminated with residual magic.
You are too injured to fight recklessly!
You are too injured to fight recklessly!
You are too injured to fight recklessly!
You are too injured to fight recklessly!
You are too injured to fight recklessly!
You are too injured to fight recklessly!
You are too injured to fight recklessly!
Unknown command.
You sock the gnoll!
You kill the gnoll!
Your Shields skill increases to level 4!
You have reached level 4!
You feel stronger. The gnoll hits you with a halberd!
You die...

#....#....#
#....#....#
#...[####.#
####....#
#.#
#.......#
#.#
#....%..#
#.#
#....$..#
#.#
#.......#
#.#
#....@..#
#.+
#...)g..#
###
#.......#
#.......#
#.......#
#########


You could see a gnoll.

Vanquished Creatures
  2 gnolls (D:2)
  An ooze (D:1)
  A giant gecko (D:1)
  A bat zombie (D:1)
  3 giant cockroaches
  6 goblins (D:1)
  6 hobgoblins
  2 ball pythons (D:1)
  3 bats
  A giant newt (D:1)
  5 kobolds (D:1)
  A quokka zombie (D:1)
  3 rats (D:1)
35 creatures vanquished.

Notes
Turn   | Place    | Note
--------------------------------------------------------------
     0 | D:1      | protoss039 the Gargoyle Fighter began the quest for the Orb.
     0 | D:1      | Reached XP level 1. HP: 14/14 MP: 1/1
   119 | D:1      | Reached XP level 2. HP: 12/19 MP: 2/2
   462 | D:1      | Reached XP level 3. HP: 22/23 MP: 3/3
   888 | D:2      | Reached XP level 4. HP: 6/28 MP: 4/4
   888 | D:2      | Slain by a gnoll

Vault maps used:
D:1:      saegor_arrival_fortress, st_stairs_13

Skill      XL: |  1  2  3 |
---------------+----------+-----
Armour         | 4 |  4.1
Shields        | 4 |  4.1
Fighting       | |  3.5
Maces & Flails | |  2.3
Dodging        | |  0.1

Action                   |  1- 3 |  4- 6 || total
-------------------------+-------+-------++-------
Melee: Flail             |   120 |       ||   120
  Use: Potion            |     2 |       ||     2
       Scroll            |     3 |       ||     3
Armor: Scale mail        |    25 |       ||    25
       Chain mail        |    40 |       ||    40
Dodge: Dodged            |    35 |       ||    35
Block: Shield            |    63 |       ||    63
